 Dungeon Crawl Stone Soup version 0.18-a0-455-gc7d4c65 (webtiles) character file.

7270 M4edhros the Covert (level 11, -18/63 HPs)
             Began as an Octopode Artificer on Dec 1, 2015.
             Was a Priest of Fedhas.
             Demolished by a freezing wraith (23 damage)
             ... in an ice cave on Dec 2, 2015.
             The game lasted 00:31:48 (11179 turns).

M4edhros the Covert (Octopode Artificer)           Turns: 11179, Time: 00:31:48

Health: -18/63     AC:  3    Str: 10    XL:     11   Next: 12%
Magic:  18/18      EV: 15    Int: 19    God:    Fedhas [***...]
Gold:   435        SH:  7    Dex: 12    Spells: 0 memorised, 10 levels left

rFire  + . .     SeeInvis +     H - +6 hunting sling
rCold  . . .     Clarity  .     X - +2 buckler
rNeg   . . .     SustAt   .     S - +2 hat {SInv}
rPois  +         Gourm    .     N - amulet of regeneration
rElec  .         Spirit   .     o - ring of poison resistance
rCorr  .         Dsmss    .     M - ring of protection from fire
rMut   .         Stasis   .     P - ring of wizardry
MR     +....                    T - ring of stealth
Stlth  +++++++...               (no ring)
                                (no ring)
                                (no ring)
                                (no ring)

@: about to teleport, very slightly contaminated, invisible, somewhat resistant
to hostile enchantments, extremely stealthy
A: almost no armour, amphibious, 8 rings, constrict 8, camouflage 1, magic
resistance 1, gelatinous body 1, subdued magic 1
a: Evolution, Sunlight, Growth, Renounce Religion


You were in an ice cave.
You worshipped Fedhas.
Fedhas was most pleased with you.
You were not hungry.

You visited 2 branches of the dungeon, and saw 12 of its levels.
You also visited: Ice Cave.

You collected 535 gold pieces.
You spent 100 gold pieces at shops.

Inventory:

Hand Weapons
 a - a +0 short sword
 g - a +3 dagger of freezing
 E - a +2 dagger of venom
 H - a +6 hunting sling (weapon)
 J - a +2 dagger of chaos
Missiles
 j - 29 exploding sling bullets
 k - 7 poisoned sling bullets
 m - 223 stones (quivered)
 L - 14 sling bullets
Armour
 S - a +2 hat of see invisible (worn)
 X - a +2 buckler (worn)
Jewellery
 o - a ring of poison resistance (left tentacle)
 M - a ring of protection from fire (right tentacle)
 N - an amulet of regeneration (around mantle)
 P - a ring of wizardry (on tentacle)
 T - a ring of stealth (on tentacle)
Wands
 b - a wand of flame (0)
 c - a wand of enslavement (6)
 d - a wand of random effects (2)
 r - a wand of paralysis (6)
 G - a wand of magic darts (0)
 U - a wand of frost (11)
Scrolls
 h - 3 scrolls of enchant armour
 s - 4 scrolls of immolation
 t - 2 scrolls of teleportation
 u - a scroll of blinking
 w - a scroll of recharging
 y - 2 scrolls of magic mapping
 K - a scroll of fog
Potions
 f - 3 potions of agility
 l - 2 potions of brilliance
 A - a potion of flight
 C - a potion of invisibility
 D - 6 potions of curing
 W - a potion of ambrosia
Books
 i - a book of Frost

   Spells                             Type                      Level
   a - Freeze                         Ice                          1
   b - Throw Frost                    Conjuration/Ice              2
   c - Ozocubu's Armour               Charms/Ice                   3
   d - Throw Icicle                   Conjuration/Ice              4
   e - Summon Ice Beast               Ice/Summoning                4
   f - Condensation Shield            Ice                          4
 n - a book of Frost

   Spells                             Type                      Level
   a - Freeze                         Ice                          1
   b - Throw Frost                    Conjuration/Ice              2
   c - Ozocubu's Armour               Charms/Ice                   3
   d - Throw Icicle                   Conjuration/Ice              4
   e - Summon Ice Beast               Ice/Summoning                4
   f - Condensation Shield            Ice                          4
 v - a Necronomicon

   Spells                             Type                      Level
   a - Haunt                          Necromancy/Summoning         7
   b - Borgnjor's Revivification      Necromancy                   8
   c - Death's Door                   Charms/Necromancy            8
   d - Necromutation                  Transmutation/Necromancy     8
 B - a book of Clouds

   Spells                             Type                      Level
   a - Mephitic Cloud                 Conjuration/Poison/Air       3
   b - Conjure Flame                  Conjuration/Fire             3
   c - Poisonous Cloud                Conjuration/Poison/Air       6
   d - Freezing Cloud                 Conjuration/Ice/Air          6
   e - Ring of Flames                 Charms/Fire                  7
 V - a book of the Tempests

   Spells                             Type                      Level
   a - Static Discharge               Conjuration/Air              3
   b - Lightning Bolt                 Conjuration/Air              5
   c - Fireball                       Conjuration/Fire             5
   d - Tornado                        Air                          9
   e - Shatter                        Earth                        9
Comestibles
 e - 8 bread rations
 x - 12 fruits
 Y - a beef jerky
 Z - 4 royal jellies


   Skills:
 - Level 1.0 Fighting
 - Level 1.0 Short Blades
 + Level 6.3 Slings
 + Level 6.8 Dodging
 + Level 11.3 Stealth
 * Level 5.0 Shields
 + Level 6.8 Invocations
 + Level 9.5 Evocations


You had 10 spell levels left.
You didn't know any spells.

Dungeon Overview and Level Annotations

Branches:
Dungeon (11/15)            Temple (1/1) D:4            Lair (0/8) D:10
    Orc (0/4) D:9

Altars:
Ashenzari
Cheibriados
Dithmenos
Elyvilon
Fedhas
Gozag
Kikubaaqudgha
Makhleb
Nemelex Xobeh
Okawaru
Qazlal
Ru
Sif Muna
Trog
Vehumet
Xom
Yredelemnul
Zin
The Shining One

Shops:
D:5 [   D:6 *


Innate Abilities, Weirdness & Mutations

You cannot wear most types of armour.
You are amphibious.
You can wear up to eight rings at the same time.
You can use your tentacles to constrict eight enemies at once.
Your skin changes colour to match your surroundings (Stealth).
Your rubbery body absorbs attacks (AC +1).
You are resistant to hostile enchantments.
Your spells are a little easier to cast, but a little less powerful.


Message History

The floor.
Unknown command.
Drink which item? (? for menu, Esc to quit)
You fade into invisibility!
The white imp gestures at you.
The puff of frost hits the spriggan simulacrum.
The spriggan simulacrum completely resists.
You are very lightly contaminated with residual magic.
You see here a leatherbound book.
i - a book of Frost You see here a leather armour.
You see here a book of Frost.
n - a book of Frost Read which item? (? for menu, Esc to quit)
As you read the scroll of teleportation, it crumbles to dust.
You feel strangely unstable. The freezing wraith hits you!
* * * LOW HITPOINT WARNING * * *
The freezing wraith freezes you!!
You die...
Fedhas appreciates your contribution to the ecosystem.

#########
##.8...8.##
#........5####
#.Z.._....5#.#
#ZW.......ZW[#
5WZ......Z5#@#
#ZZ.......####
...8...8###
...###### .#


You could see a freezing wraith, 2 white imps and a troll simulacrum.

Vanquished Creatures
  Gastronok (D:10)
  2 trolls
  A yak (D:11)
  A centaur simulacrum (D:11)
  A hippogriff (D:10)
  3 orc warriors
  4 centaurs
  2 black bears
  2 ice beasts (D:8)
  4 ogres
  2 giant frogs
  A gnoll sergeant (D:5)
  2 scorpions (D:9)
  6 wights (D:10)
  2 electric eels (D:11)
  A killer bee (D:11)
  9 crimson imps
  4 centaur skeletons
  3 giant frog skeletons
  2 jellies
  7 orc wizards
  Terence (D:3)
  3 hounds
  2 iguanas
  5 orc priests
  3 worker ants
  A hound skeleton (D:9)
  6 adders
  2 gnolls
  2 shadow imps (D:9)
  9 white imps (D:11)
  An adder skeleton (D:4)
  5 worms
  4 giant geckos
  An orc (shapeshifter) (D:6)
  22 orcs
  A ball python (D:2)
  10 bats
  4 giant cockroaches
  8 goblins
  11 hobgoblins
  10 jackals
  4 quokkas
  A giant newt (D:3)
  A jackal skeleton (D:6)
  12 kobolds
  A quokka skeleton (D:5)
  10 rats
200 creatures vanquished.

Vanquished Creatures (collateral kills)
  Urug (D:10)
  A hill giant (D:9)
  The ghost of Korkiloff the Caller, a novice DsSu of Vehumet (D:6)
  A gargoyle (D:10)
  A komodo dragon (D:10)
  A troll (D:10)
  A trapdoor spider (D:10)
  A yak (D:9)
  A water elemental (D:11)
  A hungry ghost (D:10)
  A wolf (D:11)
  A hippogriff (D:9)
  A sky beast (D:7)
  An orc warrior (D:7)
  A phantom (D:8)
  An ogre (D:9)
  2 centaurs
  3 jellies (D:9)
  2 spriggan skeletons (D:10)
  A troll skeleton (D:10)
  3 wights (D:10)
  A crimson imp (D:6)
  An orc priest (D:5)
  A giant frog skeleton (D:10)
  A centaur skeleton (D:10)
  An orc wizard (D:9)
  An iguana (D:7)
  2 adders
  8 gnolls
  3 white imps (D:11)
  9 orcs
55 creatures vanquished.

Vanquished Creatures (others)
  An ice beast (D:5)
  A necrophage (D:9)
  6 wandering mushrooms
  A white imp (D:11)
  6 plants (D:10)
  149 toadstools
164 creatures vanquished.

Grand Total: 419 creatures vanquished

Notes
Turn   | Place    | Note
--------------------------------------------------------------
     0 | D:1      | M4edhros the Octopode Artificer began the quest for the Orb.
     0 | D:1      | Reached XP level 1. HP: 13/13 MP: 3/3
   305 | D:1      | Reached XP level 2. HP: 13/18 MP: 4/4
   464 | D:1      | Reached skill level 4 in Evocations
   819 | D:2      | Reached XP level 3. HP: 8/23 MP: 6/6
  1177 | D:2      | Reached XP level 4. HP: 26/28 MP: 7/7
  1689 | D:4      | Reached skill level 5 in Evocations
  1773 | D:4      | Noticed an ogre
  1989 | D:4      | Reached XP level 5. HP: 7/33 MP: 8/8
  2254 | D:4      | Killed an ogre
  2254 | D:4      | Reached skill level 5 in Stealth
  2254 | D:4      | Reached XP level 6. HP: 36/38 MP: 8/10
  2338 | D:4      | Found a staircase to the Ecumenical Temple.
  2376 | Temple   | Entered the Ecumenical Temple
  2462 | Temple   | Became a worshipper of Fedhas Madash
  2556 | D:4      | Reached skill level 6 in Stealth
  2739 | D:4      | You fall through a shaft!
  2739 | D:5      | Entered Level 5 of the Dungeon
  3870 | D:3      | Noticed Terence
  4016 | D:3      | Killed Terence
  4017 | D:3      | Reached * piety under Fedhas
  4028 | D:3      | Found a shimmering altar of Xom.
  4045 | D:3      | Reached XP level 7. HP: 26/43 MP: 11/11
  4183 | D:3      | Reached skill level 7 in Stealth
  4468 | D:3      | Reached skill level 1 in Slings
  4468 | D:3      | Reached skill level 1 in Invocations
  4711 | D:3      | Found a faded altar to an unknown god.
  4826 | D:3      | Found a shimmering altar of Xom.
  4827 | D:3      | Found a burning altar of Makhleb.
  5242 | D:5      | Found Faqaqaim's Armour Emporium.
  5273 | D:5      | Reached XP level 8. HP: 48/48 MP: 13/13
  5478 | D:5      | Found a shattered altar of Ashenzari.
  5834 | D:6      | Reached skill level 8 in Stealth
  5905 | D:6      | Noticed Korkiloff's ghost (novice DsSu)
  5920 | D:6      | Killed Korkiloff's ghost
  6108 | D:6      | Found Weamihel's Assorted Antiques.
  6117 | D:6      | Bought a notched peridot ring for 100 gold pieces
  6121 | D:6      | Gained mutation: Your spells are a little easier to cast, but a little less powerful. [potion of mutation]
  6121 | D:6      | Gained mutation: You are resistant to hostile enchantments. [potion of mutation]
  6195 | D:6      | Reached ** piety under Fedhas
  6858 | D:7      | Reached XP level 9. HP: 34/53 MP: 14/14
  7041 | D:7      | Reached skill level 9 in Stealth
  7630 | D:8      | Found an opulent altar of Gozag.
  7658 | D:8      | Found a sparkling altar of Nemelex Xobeh.
  7738 | D:8      | Got a crystal falchion
  7739 | D:8      | Identified the +4 falchion of Axkior {vamp, *Noise rElec rC- Int+3} (You found it on level 8 of the Dungeon)
  7973 | D:8      | Found a shadowy altar of Dithmenos.
  7982 | D:8      | Reached skill level 5 in Dodging
  8321 | D:8      | Found a deep blue altar of Sif Muna.
  8449 | D:9      | Reached skill level 5 in Invocations
  8730 | D:9      | Reached skill level 10 in Stealth
  8773 | D:9      | Noticed a hill giant
  8784 | D:9      | Killed a hill giant
  8784 | D:9      | Reached skill level 5 in Slings
  8784 | D:9      | Reached XP level 10. HP: 25/58 MP: 16/16
  8872 | D:9      | Found a staircase to the Orcish Mines.
  8933 | D:9      | Reached *** piety under Fedhas
  9040 | D:9      | Reached skill level 1 in Shields
  9524 | D:10     | Entered Level 10 of the Dungeon
  9825 | D:10     | Found a staircase to the Lair.
 10029 | D:10     | HP: 1/58 [troll skeleton (7)]
 10408 | D:10     | Noticed Urug
 10408 | D:10     | Noticed Gastronok
 10443 | D:10     | Killed Urug
 10474 | D:10     | Reached skill level 11 in Stealth
 10483 | D:10     | Killed Gastronok
 10483 | D:10     | Reached XP level 11. HP: 20/63 MP: 16/18
 11057 | D:11     | Found a frozen archway.
 11083 | D:11     | Reached skill level 5 in Shields
 11153 | IceCv    | Entered an ice cave
 11167 | IceCv    | Found an ancient bone altar of Kikubaaqudgha.
 11179 | IceCv    | Demolished by a freezing wraith

Vault maps used:
D:1:      eino_arrival_water_cross, hex_large
D:2:      minmay_quantized
D:3:      grunt_temple_overflow_champion_of_chaos, ecumenical_altar_1,
          grunt_ministairs_11, led_xom_imps, uniq_terence
D:4:      minmay_temple_entry_nine_rooms, first_bread
D:5:      kennysheep_mini, serial_shops, shop_coins
D:6:      serial_shops, shop
D:8:      nicolae_gozag_seed_capital, nemelex_xobeh_ov_fountains_minmay,
          grunt_dithmenos_shadows, kennysheep_mini_moat
D:9:      david_orc_2
D:10:     david_lair_shrubbed, hangedman_tell_no_tales, basic_loot_grate_trap,
          uniq_urug, uniq_gastronok
D:11:     serial_ice, serial_ice_h, serial_ice_o, serial_ice_e, serial_ice_f,
          serial_ice_a, serial_ice_b, serial_ice_n, serial_ice_k, serial_ice_m,
          serial_ice_g, portal_ice_cave_entry_imps, lemuel_old_faithful,
          uniq_josephine
Temple:   circular_temple_pool_12
IceCv:    ice_cave_small_necro

Action                   |  1- 3 |  4- 6 |  7- 9 | 10-12 || total
-------------------------+-------+-------+-------+-------++-------
Melee: Short sword       |    55 |    79 |       |       ||   134
       Dagger            |       |    29 |   214 |   150 ||   393
 Fire: Hunting sling     |       |       |    10 |    82 ||    92
Invok: Evolution         |       |       |     4 |     3 ||     7
       Sunlight          |       |       |     1 |     3 ||     4
Evoke: Wand              |     3 |    11 |    10 |    17 ||    41
  Use: Scroll            |       |     2 |     9 |    13 ||    24
       Potion            |       |       |     9 |     7 ||    16
 Stab: Sleeping          |     2 |    15 |    25 |     5 ||    47
       Distracted        |     1 |     1 |     1 |       ||     3
       Paralysed         |       |       |     2 |       ||     2
       Petrifying        |       |       |       |     1 ||     1
  Eat: Chunk             |       |     5 |     3 |       ||     8
       Meat ration       |       |     1 |     2 |     2 ||     5
       Pizza             |       |       |     1 |       ||     1
       Beef jerky        |       |       |     1 |       ||     1
